Map: Moonlight Madness LE (Void)

Players

koo

  • Race: Zerg Zerg
  • League: Gold

Javert - Winner!

  • Race: Zerg Zerg
  • League: Grandmaster

VOD

Have the link to the VOD?

Description

Time

  • Played on: Aug. 27, 2015, 11:28 p.m.
  • Length: 10:54
Show
View Real Time Build Order
Export as new Build Order

koo Zerg 

Build Orders: Hatch First 

Get SALT Encoding   

  12  0:10  Overlord  
  12  0:14  Drone  
  12  0:18  Drone  
  14  0:29  Drone  
  15  0:36  Drone  
  16  0:52  Hatchery  
  16  0:55  Drone  
  16  1:09  Spawning Pool  
  16  1:11  Drone  
  16  1:14  Extractor  
  16  1:16  Drone  
  16  1:20  Drone  
  17  1:27  Drone  
  18  1:37  Drone  
  19  1:47  Overlord  
  19  1:55  Queen  
  21  2:03  Drone  
  21  2:04  Queen  
  21  2:07  Drone  
  25  2:13  Drone  
  26  2:16  Metabolic Boost  
  26  2:20  Drone  
  27  2:23  Drone  
  27  2:26  Drone  
  29  2:31  Drone  
  30  2:41  Baneling Nest  
  30  2:42  Overlord  
  30  2:44  Drone  
  30  2:47  Zergling x2  
  31  2:52  Zergling x2  
  32  2:59  Overlord  
  32  3:03  Zergling x6  
  35  3:12  Zergling x6  
  38  3:15  Zergling x2  
  39  3:24  Zergling x2  
  40  3:27  Zergling x2  
  41  3:39  Zergling x2  
  41  3:40  Zergling x6  
  45  3:44  Baneling x6  
  45  3:45  Baneling  
  45  3:46  Zergling x6  
  48  3:51  Zergling x2  
  49  3:57  Overlord  
  49  4:01  Zergling x2  
  47  4:13  Zergling x8  
  47  4:16  Zergling x2  
  44  4:23  Zergling x4  
  41  4:27  Zergling x2  
  41  4:30  Zergling x2  
  43  4:37  Zergling x2  
  43  4:41  Zergling x4  
  43  4:42  Zergling x2  
  44  4:47  Zergling x6  
  46  4:58  Zergling x4  
  48  5:02  Zergling x2  
  49  5:08  Zergling x2  
  50  5:14  Zergling x6  
  50  5:17  Hatchery  
  52  5:24  Extractor  
  51  5:34  Zergling x4  
  51  5:35  Zergling x6  
  56  5:44  Drone  
  56  5:45  Drone x2  
  59  5:51  Extractor, Queen  
  59  5:54  Lair  
  60  5:58  Hatchery  
  60  6:00  Drone x2, Roach Warren  
  60  6:05  Overlord x2  
  60  6:17  Evolution Chamber  
  59  6:21  Evolution Chamber  
  59  6:22  Drone x2  
  60  6:38  Drone  
  60  6:39  Drone x5  
  66  6:42  Extractor  
  65  6:50  Zerg Missile Weapons Level 1  
  65  6:52  Zerg Ground Armor Level 1  
  65  6:57  Glial Reconstitution  
  65  7:04  Queen  
  67  7:20  Hydralisk Den  
  66  7:23  Overlord  
  66  7:24  Drone x2  
  66  7:25  Infestation Pit  
  67  7:31  Drone x2  
  67  7:33  Drone  
  70  7:39  Queen  
  72  7:52  Overlord, Drone  
  72  7:53  Drone, Hydralisk  
  76  8:01  Muscular Augments  
  68  8:08  Hydralisk  
  68  8:09  Hydralisk  
  71  8:15  Overseer  
  71  8:17  Drone x2  
  71  8:18  Drone  
  71  8:19  Drone  
  76  8:20  Drone  
  76  8:23  Hydralisk  
  76  8:25  Overlord  
  78  8:33  Pathogen Glands  
  78  8:42  Hydralisk, Roach  
  78  8:43  Roach x2  
  78  8:46  Zergling x4  
  88  8:53  Hydralisk  
  88  8:54  Roach x2  
  92  9:04  Overlord x2  
  92  9:09  Hydralisk  
  88  9:11  Hydralisk  
  88  9:12  Hydralisk, Roach  
  88  9:15  Overlord  
  65  9:27  Hydralisk  
  65  9:28  Roach x4  
  65  9:30  Zergling x2  
  69  9:31  Zergling x2  
  69  9:34  Zergling x2  
  58  9:39  Zergling x4  
Show
View Real Time Build Order
Export as new Build Order

Javert Zerg - Winner!

Build Orders: Pool First 

Get SALT Encoding   

  12  0:02  Drone  
  13  0:13  Overlord  
  13  0:18  Drone  
  14  0:32  Drone x2  
  16  0:39  Drone  
  17  0:46  Spawning Pool  
  17  0:49  Drone  
  17  0:51  Extractor  
  16  0:58  Drone  
  17  1:08  Drone  
  18  1:20  Hatchery  
  18  1:23  Drone  
  18  1:37  Roach Warren  
  17  1:44  Queen  
  19  1:50  Drone  
  21  1:54  Drone  
  21  1:59  Overlord  
  21  2:18  Roach x2  
  25  2:25  Queen  
  27  2:31  Roach  
  27  2:34  Overlord  
  29  2:42  Metabolic Boost  
  29  2:46  Queen  
  31  2:53  Drone  
  31  2:54  Drone  
  33  3:04  Drone x2  
  33  3:05  Drone  
  36  3:08  Drone  
  37  3:18  Drone x4  
  41  3:24  Overlord  
  41  3:36  Baneling Nest  
  41  3:38  Roach x2  
  44  3:48  Drone x3  
  47  3:52  Extractor  
  48  3:55  Roach  
  48  3:56  Roach x2  
  52  4:13  Roach x2  
  39  4:22  Drone x3  
  40  4:28  Drone x2  
  40  4:29  Drone x4  
  46  4:41  Drone x2  
  48  4:47  Evolution Chamber  
  48  4:50  Drone  
  48  5:00  Evolution Chamber  
  47  5:07  Drone  
  47  5:08  Drone x4  
  52  5:17  Overlord  
  52  5:18  Lair  
  52  5:19  Zerg Missile Weapons Level 1  
  52  5:23  Overlord  
  52  5:34  Overlord  
  52  5:41  Overlord  
  52  5:42  Overlord  
  52  5:54  Ravager x3  
  55  5:57  Roach  
  57  6:16  Roach x2  
  57  6:17  Roach x3  
  67  6:24  Drone x2  
  69  6:26  Extractor x2  
  69  6:30  Drone x4  
  71  6:33  Hatchery  
  70  6:43  Drone x6  
  76  6:57  Hydralisk Den  
  76  6:59  Drone x2  
  77  7:02  Queen  
  79  7:08  Overlord x2  
  79  7:11  Overseer  
  79  7:14  Roach x4  
  87  7:24  Roach  
  87  7:26  Overlord  
  89  7:40  Ravager  
  89  7:41  Ravager, Hydralisk x3  
  89  7:42  Hydralisk  
  99  7:44  Overlord x2  
  99  7:48  Overlord  
  99  7:56  Lurker Den  
  99  8:16  Hydralisk  
  99  8:17  Hydralisk x3  
  107  8:27  Hydralisk x2  
  107  8:31  Overlord x2  
  111  8:37  Overlord x2  
  111  8:46  Extractor  
  111  8:47  Evolution Chamber, Extractor  
  111  8:48  Evolution Chamber  
  107  8:52  Overlord  
  107  8:53  Roach x6  
  107  8:54  Roach  
  121  9:03  Overseer  
  119  9:15  Roach x6  
  109  9:31  Roach x6  
  117  9:39  Roach  
  117  9:40  Roach x2  
  120  9:50  Roach x4  
  128  10:02  Drone x5  
  128  10:10  Drone x3  
  128  10:30  Overlord x2  
Tags
 
Add a new tag
Caveats
  • Supply blocks, unpowered buildings, or Contaminate may cause inaccurate times.
  • Supply counts are checked every 10 seconds.